Map: [ESL] Hard Lead

Players

Bunny

  • Race: Terran Terran
  • Spawn Location: 11:00

GuMiho - Winner!

  • Race: Terran Terran
  • Spawn Location: 5:00

Event: ESL SC2 Masters 2023 Winter (Finals)

VOD

Have the link to the VOD?

Description

Time

  • Played on: Dec. 16, 2023, 10:16 a.m.
  • Length: 9:43

All games in this series

Show
View Real Time Build Order
Export as new Build Order

Bunny Terran 

Build Orders: Cyclone Opening 

Get SALT Encoding   

  12  0:00  SCV  
  13  0:12  SCV  
  14  0:17  Supply Depot  
  14  0:24  SCV  
  15  0:38  SCV  
  15  0:40  Barracks  
  15  0:42  Refinery  
  16  0:50  SCV  
  16  0:52  Refinery  
  17  1:03  SCV  
  18  1:15  SCV  
  19  1:27  Orbital Command, Reaper  
  19  1:30  Supply Depot  
  20  1:41  Factory  
  20  1:53  SCV  
  21  1:59  Reaper  
  22  2:05  SCV  
  23  2:18  Command Center  
  23  2:21  SCV  
  24  2:28  Cyclone  
  26  2:34  SCV  
  27  2:37  Barracks Reactor  
  27  2:42  Supply Depot  
  27  2:46  SCV  
  28  2:54  Starport  
  28  2:58  SCV  
  28  3:00  Cyclone  
  31  3:10  SCV  
  32  3:13  Marine x2  
  34  3:22  SCV  
  35  3:30  Medivac  
  35  3:31  Marine x2  
  35  3:33  Cyclone  
  41  3:34  Orbital Command  
  41  3:38  SCV  
  42  3:44  Refinery  
  42  3:49  Marine x2  
  42  3:50  SCV  
  45  3:56  Supply Depot  
  45  3:59  SCV  
  45  4:00  Starport Tech Lab  
  45  4:02  SCV  
  47  4:12  SCV  
  47  4:14  SCV  
  49  4:19  Raven  
  51  4:24  Command Center  
  51  4:27  SCV x2  
  53  4:34  Cyclone  
  51  4:41  Cyclone  
  51  4:42  SCV  
  51  4:43  SCV  
  53  4:53  Raven  
  53  4:55  SCV x2  
  53  4:56  Supply Depot  
  57  5:00  Barracks Tech Lab  
  58  5:07  SCV x2  
  58  5:10  Interference Matrix  
  58  5:11  Bunker  
  58  5:13  Supply Depot  
  59  5:19  SCV x2  
  61  5:27  Siege Tank  
  61  5:28  Raven, Refinery  
  66  5:30  Marine x2  
  66  5:31  SCV x2  
  69  5:37  Orbital Command  
  68  5:43  SCV x2  
  68  5:48  Marine x2  
  72  5:55  SCV x2  
  74  6:00  Barracks  
  74  6:03  Siege Tank  
  74  6:04  Barracks  
  77  6:10  SCV x2  
  79  6:13  Orbital Command  
  79  6:20  Viking, Stimpack  
  79  6:21  Viking, Marine  
  79  6:23  SCV x2  
  79  6:24  Engineering Bay x2  
  86  6:35  Siege Tank, SCV x2  
  91  6:40  SCV  
  92  6:47  SCV  
  92  6:51  Barracks Reactor  
  92  6:52  Barracks Reactor, Supply Depot x2  
  93  6:55  Supply Depot  
  93  7:08  Terran Infantry Weapons Level 1, Terran Infantry Armor Level 1  
  93  7:11  Supply Depot  
  93  7:13  Viking x2, SCV x3, Marine  
  101  7:21  Siege Tank  
  104  7:25  SCV x3  
  104  7:29  Marine  
  97  7:30  Marine x3  
  100  7:38  Marine, SCV  
  100  7:42  SCV  
  100  7:43  SCV  
  104  7:50  SCV  
  102  7:53  Siege Tank  
  97  8:00  Marine x2, SCV  
  97  8:03  Barracks  
  97  8:05  Barracks  
  100  8:10  Supply Depot, Marine x2  
  102  8:14  Refinery x2  
  102  8:15  SCV x2  
  102  8:16  SCV  
  102  8:19  Medivac  
  107  8:24  Supply Depot  
  107  8:25  Siege Tank  
  110  8:27  Marine x3  
  110  8:28  Marine  
  110  8:31  Supply Depot, SCV x3  
  103  8:55  Barracks Reactor x2  
  103  8:56  Marine x4  
  103  8:58  Siege Tank, SCV  
  103  8:59  SCV x2  
  113  9:07  Medivac  
  113  9:10  Marine  
  113  9:14  Marine x4  
Show
View Real Time Build Order
Export as new Build Order

GuMiho Terran - Winner!

Build Orders: Cyclone Opening 

Get SALT Encoding   

  12  0:00  SCV  
  13  0:12  SCV  
  14  0:16  Supply Depot  
  14  0:24  SCV  
  15  0:38  SCV  
  15  0:40  Barracks  
  16  0:43  Refinery  
  16  0:50  SCV  
  16  0:52  Refinery  
  17  1:02  SCV  
  18  1:14  SCV  
  19  1:26  Orbital Command  
  19  1:27  Reaper  
  20  1:33  Supply Depot  
  20  1:40  Factory  
  20  1:52  SCV  
  21  1:59  Reaper  
  22  2:04  SCV  
  23  2:14  Command Center  
  23  2:17  SCV  
  24  2:24  Cyclone  
  26  2:34  SCV  
  26  2:36  Barracks Reactor  
  27  2:39  Supply Depot  
  27  2:46  SCV  
  28  2:56  Cyclone  
  29  2:58  SCV  
  29  3:03  Starport  
  30  3:11  SCV  
  31  3:13  Marine x2  
  33  3:23  SCV  
  33  3:26  Orbital Command  
  34  3:29  Factory Tech Lab, Refinery  
  34  3:31  Marine x2  
  36  3:35  SCV  
  36  3:41  Starport Tech Lab  
  37  3:47  SCV  
  38  3:49  Siege Tank  
  38  3:50  Marine x2  
  38  3:52  SCV  
  44  3:58  Supply Depot  
  44  3:59  SCV  
  47  4:03  Raven  
  47  4:04  SCV  
  47  4:07  Supply Depot  
  47  4:09  Marine  
  49  4:10  Marine  
  49  4:14  SCV  
  49  4:16  SCV  
  52  4:21  Siege Tank  
  55  4:28  Interference Matrix, SCV x2  
  55  4:29  Marine  
  55  4:30  Marine  
  57  4:39  Raven  
  57  4:42  SCV x2  
  59  4:47  Marine  
  59  4:54  SCV x2  
  59  4:56  Command Center  
  61  5:06  Siege Tank, SCV x2  
  66  5:11  Supply Depot  
  66  5:12  Refinery  
  66  5:14  Raven  
  68  5:18  SCV x2  
  70  5:24  Barracks  
  70  5:25  Barracks  
  70  5:32  SCV x2  
  72  5:39  Siege Tank  
  74  5:44  SCV x2  
  74  5:46  Engineering Bay  
  74  5:47  Supply Depot  
  74  5:48  Engineering Bay  
  76  6:01  Starport Reactor, Marine, SCV  
  76  6:02  Stimpack, SCV  
  75  6:09  Orbital Command  
  75  6:12  Siege Tank  
  75  6:17  Barracks  
  75  6:18  Barracks  
  78  6:20  Terran Infantry Weapons Level 1, SCV x2  
  78  6:22  Terran Infantry Armor Level 1  
  80  6:30  Supply Depot  
  80  6:33  Marine x3  
  83  6:43  Starport Reactor  
  83  6:44  Siege Tank, Marine x2  
  83  6:46  SCV  
  83  6:47  SCV  
  90  6:51  Marine x2  
  92  6:55  Marine  
  92  7:00  SCV x2  
  95  7:02  Marine x2  
  95  7:06  Barracks Reactor x2  
  95  7:07  Orbital Command  
  97  7:09  Marine x2  
  97  7:12  SCV x2  
  97  7:13  Marine  
  101  7:19  Marine  
  101  7:20  Marine  
  102  7:26  Marine x2  
  98  7:31  Siege Tank  
  101  7:41  Combat Shield, Supply Depot  
  101  7:42  Supply Depot  
  101  7:43  Supply Depot  
  101  7:47  Marine x2  
  92  7:57  Marine  
  92  7:58  Marine x5  
  74  7:59  Marine  
  74  8:02  SCV x2  
  74  8:03  Siege Tank, Medivac x2  
  74  8:04  SCV  
  74  8:05  Marine x2  
  89  8:14  SCV x2, Supply Depot  
  89  8:15  Marine  
  89  8:16  SCV  
  89  8:18  Marine x4  
  89  8:19  Marine  
  98  8:21  Marine  
  98  8:23  Marine  
  98  8:26  Marine  
  101  8:32  Marine  
  102  8:35  Siege Tank, Marine x2  
  102  8:36  SCV x2, Marine x2  
  102  8:37  Marine  
  112  8:44  Marine x2  
  98  8:56  Marine x5  
  98  8:57  Marine x2  
  98  9:00  SCV x3  
  98  9:02  Marine x2  
  110  9:07  Siege Tank  
  112  9:12  SCV  
  112  9:14  Marine x5  
  112  9:16  Marine  
  112  9:17  Marine  
  115  9:20  Marine x2  
Tags
 
Add a new tag
Caveats
  • Supply blocks, unpowered buildings, or Contaminate may cause inaccurate times.
  • Supply counts are checked every 10 seconds.